 Dungeon Crawl Stone Soup version 0.30.1-11-g7821555f0a (webtiles) character file.

Game seed: 14966352633644750355

6 Chiseanne the Magician (level 1, -2/15 HPs)
             Began as a Demonspawn Wanderer on Nov 24, 2023.
             Slain by a hobgoblin (4 damage)
             ... on level 1 of the Dungeon.
             The game lasted 00:00:48 (226 turns).

Chiseanne the Magician (Demonspawn Wanderer)         Turns: 226, Time: 00:00:48

Health: -2/15      AC:  2    Str: 11    XL:     1   Next: 75%
Magic:  4/4        EV: 11    Int: 16    God:
Gold:   0          SH:  0    Dex: 10    Spells: 6/6 levels left

rFire   . . .        a - +3 dagger
rCold   . . .        (no shield)
rNeg    . . .        d - +0 robe
rPois   .            (no helmet)
rElec   .            (no cloak)
rCorr   .            (no gloves)
SInv    .            (no boots)
Will    .....        (no amulet)
Stlth   ++           (no ring)
HPRegen 0.22/turn    (no ring)
MPRegen 0.09/turn

%: no passive effects
@: no status effects
A: no striking features
a: no special abilities


You were on level 1 of the Dungeon.
You visited 1 branch of the dungeon, and saw 1 of its levels.

Inventory:

Hand Weapons
 a - a +3 dagger (weapon)
Missiles
 b - 3 curare-tipped darts (quivered)
 e - 2 stones
Armour
 d - a +0 robe (worn)
Scrolls
 c - a scroll of fear
 f - a scroll of identify


   Skills:
 * Level 1.4 Fighting
 - Level 2.6 Throwing
 - Level 1.0 Armour
 * Level 0.7 Dodging
 - Level 1.7 Stealth
 - Level 3.0 Spellcasting


You had 6 spell levels left.
You didn't know any spells.
Your spell library contained the following spells:

 Spells                   Type           Power      Damage    Failure   Level
 Static Discharge         Conj/Air       4%         2-3/arc   28%         2
 Airstrike                Air            1%         2d(1-17)  88%         4
 Summon Lightning Spire   Summ/Air       2%         N/A       88%         4


Dungeon Overview and Level Annotations

Branches:
Dungeon (1/15)

Altars:


Message History

You closely miss the hobgoblin.
The hobgoblin is severely wounded.
The hobgoblin hits you.
You are too injured to fight recklessly!
You are too injured to fight recklessly!
You are too injured to fight recklessly!
You are too injured to fight recklessly!
You are too injured to fight recklessly!
You are too injured to fight recklessly!
You are too injured to fight recklessly!
You are too injured to fight recklessly!
You are too injured to fight recklessly!
You are too injured to fight recklessly!
You are too injured to fight recklessly!
You are too injured to fight recklessly!
You are too injured to fight recklessly!
You are too injured to fight recklessly!
You are too injured to fight recklessly!
You are too injured to fight recklessly!
You are too injured to fight recklessly!
You are too injured to fight recklessly!
You hit the hobgoblin but do no damage.
The hobgoblin is severely wounded.
The hobgoblin barely misses you.
You hit the hobgoblin.
You kill the hobgoblin!
You hit the ball python.
The ball python is severely wounded.
The ball python bites you.
* * * LOW HITPOINT WARNING * * *
The ball python completely misses you.
You barely miss the ball python.
The ball python is severely wounded.
The ball python bites you but does no damage.
The ball python grabs you. The ball python constricts you.
* * * LOW HITPOINT WARNING * * *
You puncture the ball python!
You kill the ball python!
You barely miss the hobgoblin. The hobgoblin hits you.
You die...

.≈≈.....≈≈..####.##....#
..≈≈≈≈≈≈≈..## #.#######
#.........## #.#
##.......... #.#
#........... #.#
#........... #.#
#..........## #.# #$#
#@# #g# ..# .$## ..# #..
#.. #.


You could see a hobgoblin.

Vanquished Creatures
  A ball python (D:1)
  A bat (D:1)
  A giant cockroach (D:1)
  A hobgoblin (D:1)
  A kobold (D:1)
5 creatures vanquished.

Notes
Turn   | Place    | Note
-------+----------+-------------------------------------------
     0 | D:1      | Chiseanne the Demonspawn Wanderer began the quest for the
                  | Orb.
     0 | D:1      | Chiseanne set off with the following items: a +3 dagger, 3
                  | curare-tipped darts, a scroll of fear, a +0 robe.
     0 | D:1      | Reached XP level 1. HP: 15/15 MP: 4/4
   226 | D:1      | Slain by a hobgoblin

Illustrated notes

Levels and vault maps discovered:
D:1:      moated_graveyard_arrival, layout_basic

Action                     || total
---------------------------++-------
  Melee: Dagger            ||    28
    Use: Scroll            ||     1
 Armour: Robe              ||     4
  Dodge: Dodged            ||    15
